[Event "Nino Khurtsidze Memorial 2019"]
[Site "Vani"]
[Date "2019.09.17"]
[Round "1.1"]
[White "Lomineishvili, Maia"]
[Black "Mamedjarova, Zeinab"]
[Result "1-0"]
[ECO "D00"]
[WhiteElo "2370"]
[BlackElo "2286"]
[Annotator "ChessBase"]
[PlyCount "187"]
[EventDate "2019.09.17"]
[EventType "tourn"]
[EventCountry "GEO"]
[SourceTitle "playchess.com"]
[Source "ChessBase"]
[SourceQuality "1"]
[TimeControl "900+10"]

1. d4 d5 2. Nc3 Bf5 3. Bf4 e6 4. f3 Bg6 5. Qd2 c5 6. Nb5 Na6 7. e3 Qb6 8. a4 c4 9. c3 Rc8 10. h4 Nf6 11. g4 h5 12. g5 Nd7 13. Nh3 Nab8 14. Bxb8 Nxb8 15. Nf4 Bf5 16. Bg2 a6 17. e4 dxe4 18. fxe4 Bg4 19. Na3 Bd6 20. O-O O-O 21. Rf2 Nd7 22. Bf1 Qb3 23. e5 Be7 24. Be2 Bxe2 25. Qxe2 g6 26. Kh2 Qxa4 27. Nc2 Qb5 28. Ne3 Kg7 29. Raf1 Nxe5 30. dxe5 Qxe5 31. Kh1 Bc5 32. Nfg2 Bd6 33. Ne1 b5 34. Nf3 Qf4 35. Qd2 Bc5 36. Ng2 Qg3 37. Re2 Rfd8 38. Qf4 Qh3+ 39. Nh2 Rd7 40. Rf3 Rd1+ 41. Ne1 Qf5 42. Qg3 Qd5 43. Qg2 Rd8 44. Rf1 Qd7 45. Nhf3 Qc7 46. Ne5 Rf8 47. Qf3 Bd6 48. Qf6+ Kh7 49. Nxf7 Qb7+ 50. Kg1 Bc5+ 51. Kh2 Rd7 52. Rxe6 Qc7+ 53. Kh3 Rdxf7 54. Qxg6+ Kh8 55. Qh6+ Kg8 56. Rxf7 Rxf7 57. Qg6+ Kf8 58. Qh6+ Kg8 59. Re8+ Bf8 60. Qg6+ Rg7 61. Qe6+ Qf7 62. Nf3 Qxe6+ 63. Rxe6 Rf7 64. Kg2 a5 65. Ra6 a4 66. Rb6 a3 67. bxa3 Ra7 68. Rxb5 Rxa3 69. Rb8 Rxc3 70. Ne5 Rb3 71. Rc8 Kg7 72. Rc7+ Kg8 73. Rxc4 Bd6 74. Rc8+ Kg7 75. Nc4 Rg3+ 76. Kf2 Bf4 77. Rd8 Rc3 78. Rd4 Bb8 79. Kg2 Rg3+ 80. Kf2 Rc3 81. Ke2 Rh3 82. Ne3 Kg6 83. Rc4 Rh2+ 84. Kd3 Rh3 85. Rc6+ Kf7 86. g6+ Kg7 87. Ke2 Rh2+ 88. Kf3 Rh3+ 89. Kf2 Rh2+ 90. Kg1 Re2 91. Nf5+ Kf8 92. Rc8+ Re8 93. g7+ Kf7 94. Rxe8 1-0

[Event "Nino Khurtsidze Memorial 2019"]
[Site "Vani"]
[Date "2019.09.17"]
[Round "1.3"]
[White "Dzagnidze, Nana"]
[Black "Khotenashvili, Bela"]
[Result "1/2-1/2"]
[ECO "A36"]
[WhiteElo "2469"]
[BlackElo "2371"]
[Annotator "ChessBase"]
[PlyCount "133"]
[EventDate "2019.09.17"]
[EventType "tourn"]
[EventCountry "GEO"]
[SourceTitle "playchess.com"]
[Source "ChessBase"]
[SourceQuality "1"]
[TimeControl "900+10"]

1. c4 c5 2. Nc3 Nc6 3. g3 g6 4. Bg2 Bg7 5. e3 d6 6. Nge2 h5 7. h3 Nf6 8. O-O O-O 9. d4 cxd4 10. exd4 Bf5 11. Bg5 Qc8 12. Kh2 e5 13. Be3 exd4 14. Bxd4 Nxd4 15. Nxd4 Rd8 16. Rc1 Bh6 17. Nxf5 Qxf5 18. Rc2 Rab8 19. Re2 a6 20. Nd5 Nxd5 21. Bxd5 Qf6 22. b3 b5 23. Kg2 a5 24. Rfe1 Bf8 25. Re3 Rd7 26. cxb5 h4 27. Qd3 Rc7 28. Rf3 Qg5 29. Re4 Bg7 30. Rxh4 Qe5 31. Re4 Qc3 32. Qxc3 Bxc3 33. Bxf7+ Kg7 34. Rc4 Rxf7 35. Rxf7+ Kxf7 36. Rxc3 Rxb5 37. h4 Kf6 38. Rc6 Ke5 39. Kf3 a4 40. bxa4 Rb2 41. Rc4 Rxa2 42. Rg4 Kf6 43. Rd4 Ke5 44. Re4+ Kf6 45. g4 d5 46. Rf4+ Ke5 47. Rb4 Ra3+ 48. Kg2 d4 49. h5 gxh5 50. gxh5 Rc3 51. h6 Rc6 52. Rb5+ Ke4 53. Rh5 Rc8 54. h7 Rh8 55. Kf1 Kd3 56. a5 Kc2 57. a6 d3 58. Rc5+ Kd1 59. a7 d2 60. Rc7 Rc8 61. Rd7 Kc2 62. a8=Q Rxa8 63. Rc7+ Kd3 64. Rd7+ Kc2 65. Rc7+ Kd3 66. Rd7+ Kc2 67. Rc7+ 1/2-1/2

[Event "Nino Khurtsidze Memorial 2019"]
[Site "Vani"]
[Date "2019.09.17"]
[Round "1.4"]
[White "Melia, Salome"]
[Black "Batsiashvili, Nino"]
[Result "0-1"]
[ECO "B12"]
[WhiteElo "2302"]
[BlackElo "2349"]
[Annotator "ChessBase"]
[PlyCount "104"]
[EventDate "2019.09.17"]
[EventType "tourn"]
[EventCountry "GEO"]
[SourceTitle "playchess.com"]
[Source "ChessBase"]
[SourceQuality "1"]
[TimeControl "900+10"]

1. e4 c6 2. d4 d5 3. e5 Bf5 4. h4 h5 5. Bd3 Bxd3 6. Qxd3 e6 7. Nf3 Qa5+ 8. Nbd2 Nh6 9. O-O Nf5 10. c4 Be7 11. g3 g6 12. b3 Na6 13. a3 Qd8 14. cxd5 Qxd5 15. Bb2 O-O 16. Rad1 Rfd8 17. Ne4 Nc5 18. Nxc5 Bxc5 19. Qe2 Bb6 20. Rd3 c5 21. Ng5 cxd4 22. Re1 Rd7 23. Bc1 Bd8 24. Ne4 Qxe5 25. Bf4 Qg7 26. Rc1 Be7 27. b4 Rad8 28. Bg5 b6 29. Bxe7 Rxe7 30. Ng5 e5 31. Ne4 Nd6 32. Nxd6 Rxd6 33. Rc8+ Kh7 34. Qe4 Rde6 35. Rd1 Qf6 36. Rdc1 Re8 37. R8c7 R6e7 38. R7c6 Qf5 39. Qd5 Rd7 40. Qb3 d3 41. Rd1 e4 42. Qb2 Qe5 43. Qc1 e3 44. Qxe3 Qxe3 45. fxe3 Rxe3 46. Kf2 Re2+ 47. Kf3 Rc2 48. Rf6 d2 49. Ke2 Re7+ 50. Kd3 Ra2 51. Rdf1 Kg7 52. R6f4 Rd7+ 0-1

[Event "Nino Khurtsidze Memorial 2019"]
[Site "Vani"]
[Date "2019.09.17"]
[Round "1.5"]
[White "Zhukova, Natalia"]
[Black "Arabidze, Meri"]
[Result "1/2-1/2"]
[ECO "D36"]
[WhiteElo "2331"]
[BlackElo "2402"]
[Annotator "ChessBase"]
[PlyCount "69"]
[EventDate "2019.09.17"]
[EventType "tourn"]
[EventCountry "GEO"]
[SourceTitle "playchess.com"]
[Source "ChessBase"]
[SourceQuality "1"]
[TimeControl "900+10"]

1. c4 e6 2. Nc3 d5 3. d4 Nf6 4. cxd5 exd5 5. Bg5 Be7 6. e3 c6 7. Bd3 Nbd7 8. Nge2 O-O 9. f3 Re8 10. Qc2 Nf8 11. O-O Ng6 12. e4 dxe4 13. fxe4 Ng4 14. Bxe7 Qxe7 15. Qd2 c5 16. h3 Nf6 17. e5 cxd4 18. exf6 dxc3 19. Qxc3 Qe3+ 20. Rf2 Bd7 21. fxg7 Re7 22. Rd1 Ba4 23. b3 Bc6 24. Bxg6 hxg6 25. Qf6 Qe5 26. Qxe5 Rxe5 27. Rd6 Kxg7 28. Nd4 Rd5 29. Rxd5 Bxd5 30. Rd2 Be4 31. Nb5 a6 32. Nd6 Bc6 33. Nc4 Re8 34. Na5 Re6 35. Nxc6 1/2-1/2

[Event "Nino Khurtsidze Memorial 2019"]
[Site "Vani"]
[Date "2019.09.17"]
[Round "2.1"]
[White "Mamedjarova, Zeinab"]
[Black "Arabidze, Meri"]
[Result "0-1"]
[ECO "D05"]
[WhiteElo "2300"]
[BlackElo "2398"]
[Annotator "ChessBase"]
[PlyCount "86"]
[EventDate "2019.09.17"]
[EventType "tourn"]
[EventCountry "GEO"]
[SourceTitle "playchess.com"]
[Source "ChessBase"]
[SourceQuality "1"]
[TimeControl "900+10"]

1. d4 d5 2. Nf3 Nf6 3. e3 e6 4. Bd3 c5 5. O-O Nc6 6. b3 Bd6 7. Bb2 O-O 8. dxc5 Bxc5 9. Nbd2 h6 10. a3 Qe7 11. c4 Rd8 12. b4 Bb6 13. Qe2 Bd7 14. Rac1 a6 15. Bb1 dxc4 16. Nxc4 Bc7 17. Qc2 Rac8 18. h3 b5 19. Ncd2 Ne5 20. Qb3 Nxf3+ 21. Nxf3 e5 22. Rfd1 Be6 23. Qc2 Bb8 24. Rxd8+ Qxd8 25. Rd1 Qe8 26. Qe2 Bc4 27. Qe1 Qe6 28. Rd2 e4 29. Nd4 Qe5 30. g3 Qg5 31. Kg2 h5 32. h4 Qg6 33. Ne2 Ng4 34. Nf4 Bxf4 35. exf4 Bd3 36. Bxd3 exd3 37. f3 Nh6 38. Kh3 Nf5 39. Rxd3 Rc2 40. Bc3 Nxg3 41. Rd5 Nf5 42. Bd2 Kh7 43. Qe4 Qg3# 0-1

[Event "Nino Khurtsidze Memorial 2019"]
[Site "Vani"]
[Date "2019.09.17"]
[Round "2.2"]
[White "Batsiashvili, Nino"]
[Black "Zhukova, Natalia"]
[Result "1/2-1/2"]
[ECO "A14"]
[WhiteElo "2415"]
[BlackElo "2333"]
[Annotator "ChessBase"]
[PlyCount "85"]
[EventDate "2019.09.17"]
[EventType "tourn"]
[EventCountry "GEO"]
[SourceTitle "playchess.com"]
[Source "ChessBase"]
[SourceQuality "1"]
[TimeControl "900+10"]

1. c4 c5 2. Nc3 Nf6 3. Nf3 e6 4. g3 d5 5. cxd5 Nxd5 6. Bg2 Be7 7. O-O Nc6 8. d4 O-O 9. Nxd5 exd5 10. dxc5 Bxc5 11. b3 Re8 12. Bb2 Bf5 13. Rc1 Bb6 14. Qd2 Qd7 15. Rfd1 Rad8 16. b4 Qe7 17. b5 Na5 18. Qc3 f6 19. Nd4 Be4 20. Ba3 Qf7 21. Bc5 Nc4 22. Bxb6 axb6 23. f3 Bg6 24. e4 Ra8 25. Nb3 Rxa2 26. Rxd5 Ne3 27. Rd2 Rxd2 28. Nxd2 Nxg2 29. Kxg2 f5 30. Qc4 fxe4 31. Qxf7+ Kxf7 32. Nxe4 Bxe4 33. Rc7+ Kf6 34. fxe4 Re5 35. Rxb7 Rxb5 36. Kf3 h6 37. h4 h5 38. Kf4 Rb4 39. Rc7 g6 40. Rc6+ Kf7 41. Rd6 Rb5 42. Rc6 Rb4 43. Rd6 1/2-1/2

[Event "Nino Khurtsidze Memorial 2019"]
[Site "Vani"]
[Date "2019.09.17"]
[Round "2.3"]
[White "Khotenashvili, Bela"]
[Black "Melia, Salome"]
[Result "1-0"]
[ECO "A05"]
[WhiteElo "2453"]
[BlackElo "2376"]
[Annotator "ChessBase"]
[PlyCount "95"]
[EventDate "2019.09.17"]
[EventType "tourn"]
[EventCountry "GEO"]
[SourceTitle "playchess.com"]
[Source "ChessBase"]
[SourceQuality "1"]
[TimeControl "900+10"]

1. Nf3 Nf6 2. g3 d5 3. Bg2 e6 4. O-O b5 5. d3 Bb7 6. Nbd2 Be7 7. e4 O-O 8. e5 Nfd7 9. Re1 c5 10. Nf1 Nc6 11. h4 h6 12. N1h2 Re8 13. Ng4 Bf8 14. h5 b4 15. Bf4 a5 16. Qd2 a4 17. a3 bxa3 18. bxa3 Nd4 19. Rab1 Bc6 20. c3 Nb3 21. Qc2 Rc8 22. c4 Qa5 23. Ne3 Nb6 24. Qb2 dxc4 25. dxc4 Qa6 26. Qc3 Qa8 27. Ng4 Qa6 28. Bf1 Red8 29. Bxh6 Bxf3 30. Qxf3 Nd4 31. Qe4 Nb3 32. Be3 Qa8 33. Qf4 Rb8 34. h6 Nd4 35. Bg2 Qa7 36. hxg7 Bxg7 37. Nf6+ Kf8 38. Rbc1 Nd7 39. Nh5 Bxe5 40. Qh6+ Ke8 41. Bg5 Nf5 42. Qh7 Nf8 43. Qg8 Bb2 44. Rb1 Bc3 45. Bc6+ Rd7 46. Rxb8+ Qxb8 47. Rd1 Nd4 48. Ng7# 1-0

[Event "Nino Khurtsidze Memorial 2019"]
[Site "Vani"]
[Date "2019.09.17"]
[Round "2.4"]
[White "Kachiani-Gersinska, Ketino"]
[Black "Dzagnidze, Nana"]
[Result "0-1"]
[ECO "A40"]
[WhiteElo "2317"]
[BlackElo "2502"]
[Annotator "ChessBase"]
[PlyCount "74"]
[EventDate "2019.09.17"]
[EventType "tourn"]
[EventCountry "GEO"]
[SourceTitle "playchess.com"]
[Source "ChessBase"]
[SourceQuality "1"]
[TimeControl "900+10"]

1. d4 e6 2. c4 b6 3. e4 Bb7 4. Bd3 f5 5. exf5 Bb4+ 6. Kf1 Nf6 7. Nf3 O-O 8. c5 bxc5 9. a3 c4 10. Bxc4 Ba5 11. Bg5 Kh8 12. h4 Bxf3 13. Qxf3 Nc6 14. fxe6 Nxd4 15. Qd3 Bb6 16. Nc3 dxe6 17. Na4 Qd6 18. Nxb6 axb6 19. Bxf6 Rxf6 20. Rd1 c5 21. Ba2 Raf8 22. Rd2 Qf4 23. Rh3 Rh6 24. h5 Qg4 25. Kg1 Rxh5 26. f3 Qg5 27. Rxh5 Qxh5 28. Bb1 g6 29. Qe4 Qg5 30. Rf2 Qc1+ 31. Kh2 Rf4 32. Qe5+ Kg8 33. Kg3 Rf8 34. Be4 Qe3 35. Rf1 Ne2+ 36. Kh3 Qh6+ 37. Kg4 Rf4+ 0-1

[Event "Nino Khurtsidze Memorial 2019"]
[Site "Vani"]
[Date "2019.09.17"]
[Round "2.5"]
[White "Lomineishvili, Maia"]
[Black "Javakhishvili, Lela"]
[Result "1/2-1/2"]
[ECO "A41"]
[WhiteElo "2342"]
[BlackElo "2458"]
[Annotator "ChessBase"]
[PlyCount "38"]
[EventDate "2019.09.17"]
[EventType "tourn"]
[EventCountry "GEO"]
[SourceTitle "playchess.com"]
[Source "ChessBase"]
[SourceQuality "1"]
[TimeControl "900+10"]

1. d4 d6 2. b3 e5 3. Bb2 Nc6 4. Nf3 e4 5. d5 exf3 6. dxc6 bxc6 7. exf3 Nf6 8. Bd3 Be7 9. O-O O-O 10. c4 Nd7 11. Qc2 h6 12. Bh7+ Kh8 13. Be4 Bb7 14. f4 Bf6 15. Nc3 Nc5 16. Bf3 Ne6 17. Ne2 Rb8 18. Rad1 Re8 19. Rfe1 c5 1/2-1/2

[Event "Nino Khurtsidze Memorial 2019"]
[Site "Vani"]
[Date "2019.09.17"]
[Round "3.1"]
[White "Javakhishvili, Lela"]
[Black "Mamedjarova, Zeinab"]
[Result "1/2-1/2"]
[ECO "D23"]
[WhiteElo "2458"]
[BlackElo "2300"]
[Annotator "ChessBase"]
[PlyCount "273"]
[EventDate "2019.09.17"]
[EventType "tourn"]
[EventCountry "GEO"]
[SourceTitle "playchess.com"]
[Source "ChessBase"]
[SourceQuality "1"]
[TimeControl "900+10"]

1. d4 d5 2. c4 dxc4 3. Nf3 Nf6 4. Qa4+ c6 5. Qxc4 Bf5 6. g3 e6 7. Bg2 Qd5 8. Qa4 Bxb1 9. Rxb1 Qe4 10. Ra1 Nbd7 11. Nh4 Nb6 12. Qd1 Bb4+ 13. Kf1 Qg4 14. h3 Qh5 15. a3 Be7 16. Qd3 a6 17. a4 Qa5 18. Bd2 Bb4 19. Bxb4 Qxb4 20. Qc3 Nfd5 21. Qxb4 Nxb4 22. e3 O-O 23. Ke2 a5 24. Rhc1 Rfe8 25. f4 f6 26. Nf3 Nd7 27. h4 Rad8 28. Rd1 Re7 29. Bh3 g6 30. Rd2 Kg7 31. e4 Rc8 32. Rc1 f5 33. exf5 exf5+ 34. Ne5 Rd8 35. Bg2 c5 36. Rcd1 cxd4 37. Rxd4 Nxe5 38. Rxd8 Nec6+ 39. Kf2 Nxd8 40. Rxd8 Rc7 41. Rd2 b6 42. Bf1 Rc1 43. b3 Rc2 44. Rxc2 Nxc2 45. Bc4 Kf6 46. Kf3 h6 47. g4 fxg4+ 48. Kxg4 Ne3+ 49. Kf3 Nxc4 50. bxc4 Kf5 51. Kg3 Ke4 52. Kg4 Kd4 53. h5 gxh5+ 54. Kxh5 Ke4 55. Kg4 h5+ 56. Kg5 h4 57. f5 h3 58. f6 h2 59. f7 h1=Q 60. f8=Q Qg2+ 61. Kh6 Qh3+ 62. Kg7 Qg4+ 63. Kh8 Qh5+ 64. Kg8 Qg5+ 65. Kh8 Qe5+ 66. Kg8 Qe6+ 67. Kh8 Qxc4 68. Qe8+ Kd3 69. Qg6+ Kc3 70. Qg3+ Kb4 71. Qd6+ Qc5 72. Qf4+ Kb3 73. Qg4 Qb4 74. Qd1+ Ka2 75. Qd5+ Qb3 76. Qc6 Ka3 77. Kh7 Qd3+ 78. Kg8 Qg3+ 79. Kh7 Qh4+ 80. Kg8 Qxa4 81. Qc1+ Ka2 82. Qd2+ Kb1 83. Qe1+ Kc2 84. Qf2+ Kc3 85. Qe3+ Kc4 86. Qxb6 Qe8+ 87. Kh7 Qd7+ 88. Kg8 a4 89. Qa6+ Kb4 90. Qb6+ Qb5 91. Qd6+ Qc5 92. Qd2+ Qc3 93. Qd6+ Kb3 94. Qb6+ Ka2 95. Kh7 a3 96. Qf2+ Kb1 97. Qf1+ Kc2 98. Qg2+ Kb3 99. Qb7+ Kc2 100. Qg2+ Qd2 101. Qc6+ Kb3 102. Qb7+ Qb4 103. Qf3+ Ka2 104. Qg2+ Qb2 105. Qd5+ Ka1 106. Kh6 Qc1+ 107. Kh5 a2 108. Qd4+ Kb1 109. Qb4+ Qb2 110. Qe1+ Kc2 111. Qe4+ Kd2 112. Qd5+ Ke3 113. Qg5+ Ke4 114. Qg6+ Ke3 115. Qg3+ Ke4 116. Qg6+ Kd5 117. Qf7+ Kc5 118. Qc7+ Kd5 119. Qf7+ Kc5 120. Qc7+ Kb4 121. Qb6+ Kc3 122. Qe3+ Kc4 123. Qe6+ Kd3 124. Qf5+ Kc3 125. Qc5+ Kd2 126. Qf2+ Kc1 127. Qe1+ Kc2 128. Qe2+ Kb1 129. Qd1+ Qc1 130. Qb3+ Ka1 131. Kg4 Qg1+ 132. Kh5 Qc5+ 133. Kg4 Qd4+ 134. Kh5 Qe5+ 135. Kg4 Qg7+ 136. Kh5 Qh7+ 137. Kg5 1/2-1/2

[Event "Nino Khurtsidze Memorial 2019"]
[Site "Vani"]
[Date "2019.09.17"]
[Round "3.2"]
[White "Dzagnidze, Nana"]
[Black "Lomineishvili, Maia"]
[Result "1-0"]
[ECO "A16"]
[WhiteElo "2502"]
[BlackElo "2342"]
[Annotator "ChessBase"]
[PlyCount "120"]
[EventDate "2019.09.17"]
[EventType "tourn"]
[EventCountry "GEO"]
[SourceTitle "playchess.com"]
[Source "ChessBase"]
[SourceQuality "1"]
[TimeControl "900+10"]

1. c4 Nf6 2. Nc3 b6 3. Nf3 Bb7 4. g3 g6 5. Bg2 Bg7 6. O-O O-O 7. d4 Ne4 8. Nxe4 Bxe4 9. Bf4 c5 10. Be3 d6 11. Qd2 Nd7 12. Rfd1 Qc7 13. Rac1 Rac8 14. Bh6 Bxh6 15. Qxh6 Bxf3 16. exf3 Nf6 17. d5 b5 18. cxb5 Qa5 19. Bf1 Qxa2 20. Qd2 Qb3 21. Rc3 Qb4 22. Bc4 Nd7 23. Qc2 Ne5 24. b3 Qa5 25. Bf1 Rc7 26. Qb2 Rfc8 27. Ra1 Qb6 28. Bc4 Rb7 29. Qe2 Qd8 30. Re3 Qd7 31. Ra6 Qh3 32. Rc6 Rcb8 33. Rxe5 dxe5 34. Qxe5 Qf5 35. f4 Rd8 36. Rxc5 Rbd7 37. Kg2 h5 38. Rc6 Qxe5 39. fxe5 Rxd5 40. e6 R5d6 41. exf7+ Kf8 42. Be6 Rb8 43. h4 Kg7 44. Kf3 Kf6 45. Bc4 Kg7 46. Rc7 Rf6+ 47. Ke3 e6 48. f8=Q+ Kxf8 49. Rxa7 Rf7 50. Ra6 Re7 51. Ke4 Kg7 52. Ke5 Rf7 53. f4 Rf5+ 54. Kxe6 Rf6+ 55. Kd5 Rd8+ 56. Kc5 Rf5+ 57. Kb4 g5 58. hxg5 h4 59. gxh4 Rxf4 60. Ra7+ Kh8 1-0

[Event "Nino Khurtsidze Memorial 2019"]
[Site "Vani"]
[Date "2019.09.17"]
[Round "3.3"]
[White "Melia, Salome"]
[Black "Kachiani-Gersinska, Ketino"]
[Result "1/2-1/2"]
[ECO "C54"]
[WhiteElo "2376"]
[BlackElo "2317"]
[Annotator "NA"]
[PlyCount "84"]
[EventDate "2019.09.17"]
[EventType "tourn"]
[EventCountry "GEO"]
[SourceTitle "playchess.com"]
[Source "ChessBase"]
[SourceQuality "1"]
[TimeControl "900+10"]

1. e4 e5 2. Nf3 Nc6 3. Bc4 Bc5 4. c3 Nf6 5. d4 exd4 6. e5 d5 7. Bb5 Ne4 8. cxd4 Bb6 9. Nc3 O-O 10. Be3 Bg4 11. h3 Bh5 12. Qc2 Bg6 13. Qb3 Ne7 14. O-O c6 15. Bd3 Nd2 16. Nxd2 Bxd3 17. Rfe1 Bg6 18. Na4 Nf5 19. Qc3 f6 20. Nf3 Nxe3 21. Qxe3 Be4 22. Nxb6 Qxb6 23. Nd2 fxe5 24. dxe5 Qxb2 25. f3 Bg6 26. Nb3 Rae8 27. e6 Re7 28. Re2 Qf6 29. Rae1 Rfe8 30. Qxa7 h5 31. Nd4 Qf4 32. Qc5 Qc7 33. Re5 Qb8 34. a4 Qc7 35. Rg5 Kh7 36. Rxg6 Qf4 37. h4 Kxg6 38. Qc2+ Kf6 39. Qc3 Kg6 40. Qd3+ Kf6 41. Qc3 Kg6 42. Qd3+ Kf6 1/2-1/2

[Event "Nino Khurtsidze Memorial 2019"]
[Site "Vani"]
[Date "2019.09.17"]
[Round "3.4"]
[White "Zhukova, Natalia"]
[Black "Khotenashvili, Bela"]
[Result "1/2-1/2"]
[ECO "A30"]
[WhiteElo "2333"]
[BlackElo "2453"]
[Annotator "ChessBase"]
[PlyCount "69"]
[EventDate "2019.09.17"]
[EventType "tourn"]
[EventCountry "GEO"]
[SourceTitle "playchess.com"]
[Source "ChessBase"]
[SourceQuality "1"]
[TimeControl "900+10"]

1. c4 c5 2. Nf3 g6 3. d4 cxd4 4. Nxd4 Nf6 5. Nc3 Nc6 6. e4 d6 7. Be2 Nxd4 8. Qxd4 Bg7 9. Be3 O-O 10. Qd2 a5 11. f3 a4 12. Rb1 Qa5 13. O-O Be6 14. Rfc1 Rfc8 15. b4 axb3 16. axb3 Qb4 17. Na4 Qxd2 18. Bxd2 Nd7 19. Be3 f5 20. Bd3 Ne5 21. Bc2 Rc7 22. Re1 Kf7 23. Re2 fxe4 24. Bxe4 Nxc4 25. Rc1 Nxe3 26. Rxc7 Bxb3 27. Rxb7 Rxa4 28. Rxb3 Nf5 29. Bxf5 gxf5 30. Rb7 Ra1+ 31. Kf2 Bd4+ 32. Kg3 Be5+ 33. f4 Bf6 34. Kf3 Ra3+ 35. Re3 1/2-1/2

[Event "Nino Khurtsidze Memorial 2019"]
[Site "Vani"]
[Date "2019.09.17"]
[Round "3.5"]
[White "Arabidze, Meri"]
[Black "Batsiashvili, Nino"]
[Result "1/2-1/2"]
[ECO "E16"]
[WhiteElo "2398"]
[BlackElo "2415"]
[Annotator "ChessBase"]
[PlyCount "48"]
[EventDate "2019.09.17"]
[EventType "tourn"]
[EventCountry "GEO"]
[SourceTitle "playchess.com"]
[Source "ChessBase"]
[SourceQuality "1"]
[TimeControl "900+10"]

1. d4 Nf6 2. c4 e6 3. Nf3 b6 4. g3 Bb7 5. Bg2 Bb4+ 6. Bd2 a5 7. O-O O-O 8. Bf4 Na6 9. c5 a4 10. cxb6 Bc6 11. bxc7 Nxc7 12. Ne5 Bxg2 13. Kxg2 Ncd5 14. Bg5 Qb6 15. Bxf6 Nxf6 16. a3 Bd6 17. Nc3 Bxe5 18. dxe5 Ng4 19. Qxd7 Nxe5 20. Qb5 Qxb5 21. Nxb5 Rfb8 22. Nc3 Rxb2 23. Rfb1 Rxb1 24. Rxb1 Nc4 1/2-1/2

[Event "Nino Khurtsidze Memorial 2019"]
[Site "Vani"]
[Date "2019.09.17"]
[Round "4.1"]
[White "Mamedjarova, Zeinab"]
[Black "Batsiashvili, Nino"]
[Result "0-1"]
[ECO "D04"]
[WhiteElo "2300"]
[BlackElo "2415"]
[Annotator "ChessBase"]
[PlyCount "98"]
[EventDate "2019.09.17"]
[EventType "tourn"]
[EventCountry "GEO"]
[SourceTitle "playchess.com"]
[Source "ChessBase"]
[SourceQuality "1"]
[TimeControl "900+10"]

1. d4 Nf6 2. Nf3 d5 3. e3 Bf5 4. c4 e6 5. Bd3 Bg6 6. O-O Nbd7 7. Nc3 c6 8. Qe2 Be7 9. e4 dxe4 10. Nxe4 O-O 11. Bf4 Nxe4 12. Bxe4 Qb6 13. Bxg6 hxg6 14. Rad1 Rfe8 15. a3 a5 16. h3 Bf6 17. Rd2 c5 18. Be5 cxd4 19. Bxd4 Nc5 20. Ne5 Qc7 21. Qe3 Rac8 22. Re1 a4 23. Bc3 Red8 24. Red1 Rxd2 25. Rxd2 Bxe5 26. Bxe5 Qc6 27. Rd6 Qe4 28. Qxe4 Nxe4 29. Rb6 Rxc4 30. Rxb7 f6 31. Rc7 Rxc7 32. Bxc7 Nd2 33. Ba5 Nc4 34. Bc3 e5 35. Kf1 Kf7 36. Ke2 Ke6 37. Kd3 Kd5 38. f3 g5 39. g3 g6 40. g4 f5 41. Ke2 Nd6 42. Kd3 e4+ 43. fxe4+ Nxe4 44. Be1 f4 45. Bc3 Nxc3 46. bxc3 Kc5 47. c4 f3 48. Ke3 Kxc4 49. Kxf3 Kb3 0-1

[Event "Nino Khurtsidze Memorial 2019"]
[Site "Vani"]
[Date "2019.09.17"]
[Round "4.2"]
[White "Khotenashvili, Bela"]
[Black "Arabidze, Meri"]
[Result "1/2-1/2"]
[ECO "D00"]
[WhiteElo "2453"]
[BlackElo "2398"]
[Annotator "ChessBase"]
[PlyCount "63"]
[EventDate "2019.09.17"]
[EventType "tourn"]
[EventCountry "GEO"]
[SourceTitle "playchess.com"]
[Source "ChessBase"]
[SourceQuality "1"]
[TimeControl "900+10"]

1. d4 d5 2. Bf4 Nf6 3. e3 e6 4. Nf3 c5 5. Nbd2 Nc6 6. c3 Bd6 7. Bg3 O-O 8. Bd3 b6 9. Qe2 Bb7 10. Rd1 h6 11. a3 Re8 12. Ne5 Qc7 13. f4 Ne7 14. Bh4 Ne4 15. Bxe7 Qxe7 16. O-O f6 17. Ng4 Rac8 18. Nxe4 dxe4 19. Ba6 cxd4 20. exd4 Bxa6 21. Qxa6 f5 22. Ne5 g5 23. g3 Kh7 24. Kh1 gxf4 25. gxf4 Rg8 26. Rg1 Bxe5 27. dxe5 Rcd8 28. Qe2 Rxd1 29. Qxd1 Rxg1+ 30. Kxg1 Qc5+ 31. Kg2 Qd5 32. Qxd5 1/2-1/2

[Event "Nino Khurtsidze Memorial 2019"]
[Site "Vani"]
[Date "2019.09.17"]
[Round "4.3"]
[White "Kachiani-Gersinska, Ketino"]
[Black "Zhukova, Natalia"]
[Result "1-0"]
[ECO "A30"]
[WhiteElo "2317"]
[BlackElo "2333"]
[Annotator "NA"]
[PlyCount "67"]
[EventDate "2019.09.17"]
[EventType "tourn"]
[EventCountry "GEO"]
[SourceTitle "playchess.com"]
[Source "ChessBase"]
[SourceQuality "1"]
[TimeControl "900+10"]

1. c4 c5 2. Nf3 Nf6 3. Nc3 e6 4. e4 Nc6 5. Be2 d5 6. exd5 exd5 7. d4 Be7 8. O-O O-O 9. Be3 cxd4 10. Nxd4 Nxd4 11. Qxd4 dxc4 12. Bxc4 Ng4 13. Qxd8 Rxd8 14. Nd5 Bd6 15. Bg5 Re8 16. h3 Ne5 17. Bb3 Bxh3 18. f4 Nd3 19. gxh3 Re2 20. Bc4 Bc5+ 21. Kh1 Nf2+ 22. Kg2 Rxb2 23. Rab1 Rc2 24. Rfc1 Rxc1 25. Rxc1 Ne4 26. Be7 Bd4 27. Bb4 g6 28. Kf3 Nc5 29. Rd1 a5 30. Ba3 Ne6 31. Ne7+ Kg7 32. Bxe6 fxe6 33. Rxd4 b5 34. Rd7 1-0

[Event "Nino Khurtsidze Memorial 2019"]
[Site "Vani"]
[Date "2019.09.17"]
[Round "4.4"]
[White "Lomineishvili, Maia"]
[Black "Melia, Salome"]
[Result "1/2-1/2"]
[ECO "B07"]
[WhiteElo "2342"]
[BlackElo "2376"]
[Annotator "NA"]
[PlyCount "43"]
[EventDate "2019.09.17"]
[EventType "tourn"]
[EventCountry "GEO"]
[SourceTitle "playchess.com"]
[Source "ChessBase"]
[SourceQuality "1"]
[TimeControl "900+10"]

1. d4 Nf6 2. Nc3 g6 3. e4 d6 4. Bg5 Bg7 5. Qd2 h6 6. Bh4 c6 7. f3 b5 8. Bd3 e5 9. dxe5 dxe5 10. Bf2 O-O 11. Be3 Kh7 12. a4 b4 13. Nce2 a5 14. h4 Nh5 15. g3 Na6 16. Nh3 Bxh3 17. Rxh3 Qe7 18. Bxa6 Rxa6 19. Rd1 Raa8 20. Qd7 Qxd7 21. Rxd7 Nf6 22. Rd6 1/2-1/2

[Event "Nino Khurtsidze Memorial 2019"]
[Site "Vani"]
[Date "2019.09.17"]
[Round "4.5"]
[White "Javakhishvili, Lela"]
[Black "Dzagnidze, Nana"]
[Result "1/2-1/2"]
[ECO "D43"]
[WhiteElo "2458"]
[BlackElo "2502"]
[Annotator "ChessBase"]
[PlyCount "67"]
[EventDate "2019.09.17"]
[EventType "tourn"]
[EventCountry "GEO"]
[SourceTitle "playchess.com"]
[Source "ChessBase"]
[SourceQuality "1"]
[TimeControl "900+10"]

1. d4 Nf6 2. c4 e6 3. Nf3 d5 4. Nc3 c6 5. Bg5 h6 6. Bxf6 Qxf6 7. e3 Nd7 8. Qc2 g6 9. e4 dxe4 10. Nxe4 Bb4+ 11. Nc3 c5 12. a3 Bxc3+ 13. Qxc3 b6 14. Rd1 Bb7 15. Be2 Rd8 16. O-O O-O 17. Qe3 Kg7 18. Rfe1 Bxf3 19. Bxf3 cxd4 20. Rxd4 Ne5 21. Rxd8 Nxf3+ 22. Qxf3 Qxf3 23. gxf3 Rxd8 24. Re3 Rd2 25. b3 Kf6 26. Rc3 Ke7 27. c5 Kd7 28. cxb6 axb6 29. Kg2 e5 30. a4 g5 31. Rc4 Rd3 32. Rb4 Kc6 33. Rc4+ Kd7 34. Rb4 1/2-1/2

[Event "Nino Khurtsidze Memorial 2019"]
[Site "Vani"]
[Date "2019.09.18"]
[Round "7.1"]
[White "Melia, Salome"]
[Black "Mamedjarova, Zeinab"]
[Result "0-1"]
[ECO "C54"]
[WhiteElo "2376"]
[BlackElo "2300"]
[Annotator "NA"]
[PlyCount "110"]
[EventDate "2019.09.17"]
[EventType "tourn"]
[EventCountry "GEO"]
[SourceTitle "playchess.com"]
[Source "ChessBase"]
[SourceQuality "1"]
[TimeControl "900+10"]

1. e4 e5 2. Nf3 Nc6 3. Bc4 Bc5 4. c3 Nf6 5. d4 exd4 6. e5 d5 7. Bb5 Ne4 8. cxd4 Bb4+ 9. Bd2 Nxd2 10. Nbxd2 Bd7 11. O-O O-O 12. a3 Bxd2 13. Bxc6 Bxc6 14. Qxd2 Bb5 15. Rfe1 b6 16. Rac1 Rc8 17. b4 Qe7 18. Qc3 Bd7 19. Nd2 f6 20. Qb3 c6 21. b5 fxe5 22. bxc6 Bxc6 23. dxe5 Kh8 24. Nf3 Bb7 25. Rxc8 Rxc8 26. Nd2 d4 27. Qd3 Qg5 28. f3 h6 29. e6 Qh4 30. g3 Qf6 31. f4 Rc3 32. Qb5 Re3 33. Rxe3 dxe3 34. Nf1 Qxe6 35. Qe2 Qe4 36. Nxe3 Qh1+ 37. Kf2 Qxh2+ 38. Kf1 Qxg3 39. f5 Be4 40. Qf2 Qxf2+ 41. Kxf2 g5 42. fxg6 Bxg6 43. Kg3 Kg7 44. Kf4 Bd3 45. Nd5 Kf7 46. Ke5 h5 47. Nf4 Bg6 48. Ng2 Ke7 49. Nh4 Bf7 50. Nf5+ Kd7 51. Kd4 Ke6 52. Nh4 Kf6 53. a4 a5 54. Kc3 Bd5 55. Kd4 Bc6 0-1